Map: Acropolis LE

Players

Slow

  • Race: Protoss Protoss
  • League: Master
  • Spawn Location: 5:00

Mez - Winner!

  • Race: Terran Terran
  • League: Master
  • Spawn Location: 11:00

VOD

Have the link to the VOD?

Description

Time

  • Played on: Aug. 12, 2019, 7:26 p.m.
  • Length: 10:44
Show
View Real Time Build Order
Export as new Build Order

Slow Protoss 

Build Orders: 1 Gate Expand, Double Forge, Blink Stalkers 

Get SALT Encoding   

  12  0:01  Probe  
  13  0:13  Probe  
  14  0:18  Pylon  
  14  0:25  Probe  
  15  0:35  Probe  
  15  0:37  Gateway  
  16  0:43  Probe  
  16  0:44  Assimilator  
  17  0:52  Probe  
  18  1:03  Probe  
  19  1:15  Probe  
  20  1:25  Cybernetics Core  
  20  1:35  Nexus  
  20  1:40  Probe, Pylon  
  21  1:48  Probe  
  21  1:49  Assimilator  
  22  1:55  Stalker  
  22  1:58  Probe  
  25  2:10  Probe  
  26  2:17  Twilight Council  
  26  2:22  Probe  
  27  2:28  Stalker  
  29  2:39  Probe  
  29  2:46  Probe  
  29  2:47  Probe  
  29  2:51  Blink  
  31  2:55  Probe  
  31  2:58  Probe  
  33  3:07  Probe  
  33  3:08  Probe  
  35  3:16  Probe  
  35  3:17  Warp Gate  
  35  3:19  Probe  
  36  3:20  Gateway  
  36  3:25  Probe  
  37  3:31  Probe  
  39  3:37  Probe, Pylon  
  40  3:43  Probe  
  40  3:44  Assimilator  
  41  3:49  Probe  
  41  3:55  Probe  
  43  3:56  Gateway  
  43  3:59  Gateway  
  43  4:00  Robotics Facility  
  43  4:01  Probe  
  44  4:07  Probe  
  45  4:13  Probe  
  46  4:19  Probe  
  46  4:22  Nexus  
  47  4:24  Pylon  
  47  4:26  Probe  
  48  4:31  Probe  
  49  4:41  Forge  
  49  4:45  Forge  
  49  4:46  Probe  
  49  4:47  Probe  
  49  4:49  Pylon  
  49  4:52  Charge  
  51  4:54  Observer  
  51  4:58  Probe  
  51  4:59  Probe  
  54  5:01  Protoss Ground Armor Level 1, Protoss Ground Weapons Level 1  
  54  5:06  Stalker  
  56  5:07  Stalker x2  
  56  5:08  Stalker  
  56  5:10  Probe  
  56  5:11  Probe  
  64  5:14  Pylon  
  64  5:23  Probe  
  64  5:24  Probe  
  66  5:29  Shield Battery  
  66  5:35  Probe  
  67  5:36  Probe  
  67  5:39  Robotics Bay  
  67  5:42  Probe, Robotics Facility  
  69  5:44  Pylon  
  69  5:47  Stalker, Probe  
  69  5:48  Sentry, Probe  
  75  5:54  Probe  
  75  5:55  Assimilator  
  76  5:58  Pylon  
  76  5:59  Probe  
  76  6:00  Probe  
  76  6:01  Assimilator  
  78  6:06  Probe  
  78  6:11  Immortal, Assimilator, Probe  
  80  6:12  Probe  
  80  6:15  Extended Thermal Lance  
  85  6:27  Stalker x2  
  93  6:35  Colossus  
  93  6:39  Zealot x2  
  99  6:43  Pylon  
  99  6:47  Colossus  
  99  6:50  Photon Cannon, Pylon  
  99  6:52  Photon Cannon  
  99  6:54  Shield Battery, Protoss Ground Armor Level 2  
  99  6:55  Stalker  
  99  6:56  Shield Battery  
  107  7:04  Protoss Ground Weapons Level 2  
  107  7:08  Probe x3  
  109  7:20  Probe x3  
  112  7:24  Gateway x2  
  112  7:29  Gateway  
  112  7:32  Probe x2  
  112  7:36  Pylon  
  114  7:40  Gateway  
  114  7:47  Colossus  
  114  7:51  Nexus  
  114  7:53  Assimilator  
  114  7:57  Immortal, Assimilator  
  120  8:00  Pylon  
  124  8:05  Templar Archives  
  124  8:07  Pylon  
  124  8:09  Pylon  
  124  8:20  Photon Cannon  
  124  8:22  Photon Cannon  
  124  8:23  Photon Cannon  
  124  8:25  Shield Battery, Pylon  
  124  8:27  Probe x3  
  124  8:28  Immortal, Shield Battery  
  127  8:39  Probe x2  
  133  8:50  Psionic Storm  
  133  8:54  Photon Cannon, Shield Battery  
  133  8:56  Stalker x4, Photon Cannon  
  133  8:57  Stalker  
  133  8:58  Pylon  
  133  8:59  Photon Cannon  
  143  9:03  High Templar  
  143  9:04  Sentry  
  143  9:05  High Templar  
  133  9:25  Zealot x5  
  99  9:40  Zealot x3  
  97  9:49  Zealot x5  
  96  9:55  Probe  
  96  9:56  Probe x2  
  96  10:03  Stalker x2  
  96  10:04  Stalker  
  84  10:08  Probe x2  
  84  10:10  Zealot x2  
  84  10:11  Zealot x2  
  84  10:12  Stalker  
  75  10:24  Zealot  
  75  10:26  Probe x3  
  80  10:28  Probe  
  80  10:30  Stalker x3  
  80  10:31  Stalker  
  80  10:33  Zealot  
Show
View Real Time Build Order
Export as new Build Order

Mez Terran - Winner!

Build Orders: Reaper Expand 

Get SALT Encoding   

  12  0:01  SCV  
  13  0:13  SCV  
  14  0:18  Supply Depot  
  14  0:25  SCV  
  15  0:40  SCV  
  15  0:42  Barracks  
  16  0:45  Refinery  
  16  0:52  SCV  
  17  1:04  SCV  
  18  1:16  SCV  
  19  1:29  Reaper, Orbital Command  
  20  1:43  Command Center  
  20  1:53  Bunker  
  20  1:55  SCV  
  20  1:58  Supply Depot  
  21  2:03  Barracks Reactor  
  21  2:15  SCV  
  22  2:28  Command Center  
  22  2:43  SCV, Marine x2  
  25  2:47  Factory  
  25  2:55  SCV  
  26  3:05  Orbital Command  
  26  3:10  Marine  
  26  3:11  Marine  
  26  3:12  SCV  
  28  3:17  Refinery  
  28  3:24  SCV  
  29  3:28  Marine x2  
  29  3:33  SCV  
  32  3:35  Widow Mine  
  32  3:36  SCV  
  32  3:37  Starport  
  35  3:43  Orbital Command  
  35  3:46  SCV  
  35  3:47  Marine  
  37  3:51  Marine  
  37  3:52  SCV  
  39  3:58  Widow Mine, SCV  
  42  4:04  SCV  
  42  4:05  Refinery  
  43  4:10  SCV  
  43  4:13  Supply Depot  
  43  4:14  SCV  
  43  4:15  Starport Tech Lab  
  43  4:16  SCV  
  46  4:17  Marine x2  
  46  4:23  SCV  
  46  4:24  Factory Tech Lab  
  49  4:29  SCV x2  
  51  4:35  SCV, Marine x2  
  51  4:36  Raven  
  56  4:38  Supply Depot  
  56  4:42  SCV x2  
  58  4:46  Siege Tank  
  58  4:49  SCV  
  58  4:51  Barracks  
  62  4:56  Marine x2  
  64  5:00  Barracks  
  64  5:03  Supply Depot  
  64  5:05  SCV x2  
  64  5:06  SCV  
  67  5:11  Refinery  
  67  5:16  Marine x2  
  69  5:22  Siege Tank  
  69  5:26  SCV x2  
  69  5:28  Engineering Bay  
  74  5:29  Engineering Bay  
  74  5:32  Starport Reactor  
  74  5:34  Marine x2  
  76  5:37  Bunker  
  76  5:38  SCV  
  76  5:39  SCV  
  78  5:44  Orbital Command  
  78  5:49  Barracks  
  78  5:50  Stimpack  
  78  5:51  Marauder  
  78  5:52  Barracks  
  80  5:58  SCV x2  
  80  6:00  Terran Infantry Armor Level 1, Terran Infantry Weapons Level 1  
  82  6:05  Marine  
  82  6:06  Marine  
  82  6:10  SCV, Factory Reactor  
  82  6:11  Supply Depot  
  85  6:24  SCV x2, Marauder, Medivac x2  
  93  6:32  SCV, Marine x2  
  98  6:33  Marauder  
  98  6:35  Armory  
  98  6:36  SCV  
  98  6:37  Supply Depot  
  99  6:40  SCV  
  99  6:43  Supply Depot  
  99  6:44  Refinery  
  99  6:45  SCV, Supply Depot  
  101  6:49  Barracks Reactor, Barracks Tech Lab  
  101  6:53  Combat Shield  
  101  6:59  SCV x2, Medivac x2  
  101  7:00  Widow Mine  
  109  7:05  Widow Mine  
  111  7:13  Marine x2, Marauder x3  
  119  7:15  SCV  
  119  7:16  SCV x2  
  119  7:21  Supply Depot  
  119  7:22  Supply Depot x2  
  122  7:23  Supply Depot  
  122  7:26  Marine x2  
  122  7:28  SCV  
  125  7:42  SCV, Marine  
  125  7:43  Widow Mine x2, SCV x2, Marauder  
  135  7:46  Marine x3, Marauder x2  
  135  7:47  Concussive Shells  
  135  7:49  Medivac x2  
  146  7:54  SCV  
  146  7:55  SCV  
  148  8:00  Marine  
  148  8:04  Marine, Marauder  
  152  8:07  Marauder  
  152  8:08  Marauder  
  152  8:09  Terran Infantry Weapons Level 2  
  152  8:10  Starport  
  156  8:14  Marine  
  156  8:16  Refinery  
  157  8:20  Supply Depot x2  
  157  8:24  Supply Depot  
  157  8:25  Viking x2, Marine  
  162  8:39  Marine x3, Marauder x2  
  162  8:40  Marauder  
  171  8:43  Marine  
  170  8:50  Viking x2  
  170  8:54  Supply Depot  
  170  8:55  Viking, Command Center, Supply Depot  
  176  8:57  Marine x3  
  176  9:01  Marauder x2  
  183  9:06  Marine, Marauder  
  183  9:07  Viking  
  188  9:15  Marine  
  181  9:20  Viking  
  181  9:22  Marauder x2  
  172  9:26  Marine x3  
  172  9:28  Marauder  
  145  9:41  Marine  
  145  9:44  Marine x3, Marauder x2  
  148  9:49  Marauder  
  148  9:52  Barracks  
  144  9:53  Barracks  
  144  9:55  Barracks  
  141  10:05  Marauder x2  
  136  10:09  Marine x4  
  136  10:10  Marauder  
  157  10:29  Ghost Academy  
Tags
 
Add a new tag
Caveats
  • Supply blocks, unpowered buildings, or Contaminate may cause inaccurate times.
  • Supply counts are checked every 10 seconds.